Map: 2000 Atmospheres LE

Players

Denver - Winner!

  • Race: Zerg Zerg

BattleB

  • Race: Terran Terran

Event: DreamHack SC2 Masters 2021 Winter

VOD

Have the link to the VOD?

Description

Time

  • Played on: Oct. 1, 2021, 10:38 a.m.
  • Length: 10:40

All games in this series

Show
View Real Time Build Order
Export as new Build Order

Denver Zerg - Winner!

Build Orders: Hatch First 

Get SALT Encoding   

  12  0:00  Drone  
  13  0:12  Overlord  
  13  0:17  Drone  
  14  0:31  Drone x2  
  16  0:50  Hatchery  
  16  0:51  Drone  
  16  0:55  Drone  
  17  0:59  Drone  
  18  1:09  Extractor  
  17  1:15  Spawning Pool  
  17  1:17  Drone  
  17  1:20  Drone  
  18  1:28  Drone  
  19  1:38  Drone  
  20  1:49  Overlord  
  20  2:02  Queen x2  
  20  2:03  Zergling x4  
  26  2:10  Metabolic Boost  
  26  2:12  Drone  
  26  2:14  Drone  
  28  2:23  Drone  
  28  2:24  Drone  
  30  2:37  Hatchery  
  30  2:42  Drone x2  
  31  2:47  Overlord  
  31  2:49  Drone  
  32  2:56  Queen  
  32  2:58  Drone  
  35  3:01  Drone  
  36  3:06  Drone x2  
  36  3:12  Drone x2  
  40  3:14  Queen  
  42  3:20  Drone  
  42  3:21  Overlord  
  42  3:25  Drone  
  44  3:37  Overlord  
  44  3:39  Queen  
  46  3:43  Drone x6  
  52  3:50  Drone x2, Queen  
  55  3:56  Drone  
  55  4:00  Drone x2  
  58  4:03  Queen  
  58  4:05  Zergling x6  
  63  4:10  Overlord  
  63  4:14  Overlord  
  63  4:19  Drone x2  
  63  4:22  Overlord  
  65  4:26  Overlord  
  65  4:28  Queen  
  67  4:31  Drone  
  67  4:32  Drone x3  
  67  4:33  Overlord  
  67  4:36  Drone  
  72  4:39  Spore Crawler  
  72  4:40  Lair  
  72  4:42  Drone  
  72  4:43  Baneling Nest  
  71  4:46  Drone x4  
  71  4:49  Spore Crawler  
  71  4:51  Spore Crawler  
  73  4:53  Drone, Zergling x4  
  76  5:00  Zergling x8  
  76  5:07  Drone  
  81  5:11  Drone x2  
  81  5:12  Drone x3  
  86  5:17  Extractor  
  86  5:18  Extractor  
  86  5:19  Zergling x8  
  88  5:22  Spore Crawler  
  88  5:23  Hatchery  
  88  5:26  Drone x2  
  88  5:31  Drone, Evolution Chamber  
  88  5:33  Evolution Chamber  
  87  5:36  Drone x5  
  87  5:38  Overseer, Centrifugal Hooks  
  87  5:41  Baneling x2  
  92  5:46  Zergling x16  
  92  5:47  Baneling  
  99  5:56  Drone x3  
  93  6:00  Extractor  
  93  6:02  Drone  
  93  6:05  Zerg Melee Weapons Level 1  
  93  6:07  Hatchery  
  93  6:08  Drone x4  
  95  6:12  Overlord  
  95  6:16  Zerg Ground Armor Level 1  
  95  6:17  Drone x2  
  95  6:18  Drone x3  
  100  6:19  Overlord, Extractor  
  99  6:28  Drone x2  
  99  6:31  Queen  
  103  6:33  Overlord  
  103  6:37  Zergling x6  
  103  6:38  Hatchery  
  103  6:41  Extractor  
  103  6:43  Zergling x2  
  103  6:44  Zergling x6  
  100  6:50  Zergling x12  
  102  6:56  Zergling x8  
  102  6:58  Baneling x6  
  106  7:06  Drone  
  106  7:08  Baneling x4  
  107  7:09  Zergling x8  
  107  7:13  Drone x4  
  115  7:20  Zergling x14  
  122  7:22  Hydralisk Den  
  122  7:25  Drone x4  
  125  7:30  Burrow  
  125  7:32  Zergling x14  
  125  7:33  Baneling x12  
  132  7:38  Zergling x2  
  132  7:41  Overlord  
  130  7:54  Zergling x26  
  130  7:55  Grooved Spines  
  143  7:58  Baneling x4  
  143  7:59  Baneling x7  
  125  8:07  Zergling x18, Spore Crawler  
  128  8:13  Baneling x2  
  128  8:14  Baneling x6  
  128  8:16  Zerg Ground Armor Level 2  
  127  8:20  Drone x7  
  127  8:24  Zerg Melee Weapons Level 2  
  134  8:29  Zergling x10  
  134  8:30  Zergling x6  
  134  8:33  Overlord  
  136  8:42  Zergling x22  
  136  8:46  Hydralisk  
  136  8:47  Hydralisk x2  
  151  8:49  Overlord  
  151  8:53  Baneling x7  
  143  9:03  Zergling x24  
  143  9:07  Muscular Augments  
  147  9:10  Drone x6  
  152  9:17  Infestation Pit  
  152  9:19  Zergling x14  
  158  9:24  Hydralisk  
  158  9:25  Hydralisk x3  
  163  9:35  Zergling x20  
  163  9:36  Zergling x2  
  167  9:42  Baneling x14  
  167  9:43  Baneling x2  
  167  9:55  Zergling x10, Baneling x6, Lurker Den  
  167  9:56  Zergling x2  
  170  10:03  Zergling x14  
  170  10:04  Hydralisk  
  170  10:05  Overlord  
  162  10:08  Overlord  
  160  10:14  Zergling x24  
  160  10:20  Drone x3  
  160  10:21  Drone x3  
  166  10:22  Overseer x2  
  166  10:27  Drone x2  
Show
View Real Time Build Order
Export as new Build Order

BattleB Terran 

Build Orders: Reaper Expand, Hellion Banshee 

Get SALT Encoding   

  12  0:01  SCV  
  13  0:14  SCV  
  14  0:18  Supply Depot  
  14  0:26  SCV  
  15  0:39  SCV  
  15  0:41  Barracks  
  16  0:43  Refinery  
  16  0:51  SCV  
  17  1:04  SCV  
  18  1:16  SCV  
  19  1:28  Reaper, Orbital Command  
  20  1:39  Command Center  
  20  1:50  Supply Depot  
  20  1:54  SCV  
  21  1:59  Marine  
  22  2:06  SCV  
  22  2:08  Factory  
  23  2:18  SCV  
  23  2:20  Barracks Reactor  
  24  2:30  SCV  
  25  2:42  Command Center  
  25  2:43  SCV  
  26  2:51  Orbital Command  
  26  2:55  SCV  
  27  3:00  Starport  
  27  3:05  Refinery  
  27  3:07  SCV  
  27  3:12  Hellion  
  30  3:15  Hellion  
  30  3:18  SCV  
  33  3:20  SCV  
  33  3:23  Barracks Tech Lab  
  34  3:30  SCV  
  34  3:34  Hellion  
  37  3:35  SCV  
  37  3:37  Hellion  
  40  3:42  SCV  
  40  3:47  Banshee, SCV  
  45  3:54  SCV  
  46  3:57  Orbital Command  
  46  3:58  Cloaking Field  
  46  4:00  Hellion  
  48  4:03  Hellion, SCV  
  48  4:06  Barracks Tech Lab, SCV  
  52  4:15  Supply Depot, SCV  
  53  4:18  SCV  
  53  4:21  Hellion  
  53  4:23  SCV  
  57  4:25  Hellion  
  57  4:27  SCV  
  60  4:32  Supply Depot  
  60  4:33  SCV  
  60  4:36  Banshee, SCV  
  65  4:39  SCV  
  65  4:42  Armory  
  65  4:44  Supply Depot  
  65  4:45  SCV  
  67  4:48  Hellion  
  69  4:53  Hellion, SCV x2  
  69  4:56  Supply Depot  
  69  4:58  SCV, Stimpack  
  69  4:59  Marine  
  75  5:05  SCV, Orbital Command  
  77  5:10  Hellion, SCV  
  79  5:15  Hellion  
  79  5:17  Barracks  
  79  5:19  SCV  
  79  5:20  Marine, Barracks  
  83  5:22  Supply Depot, SCV  
  83  5:26  Engineering Bay  
  84  5:28  Engineering Bay  
  84  5:31  SCV, Starport Reactor  
  84  5:33  Refinery  
  84  5:34  SCV x2, Refinery  
  87  5:38  Marine  
  88  5:44  SCV  
  88  5:46  SCV x2  
  88  5:49  Hellion x5  
  91  5:56  SCV  
  88  5:58  SCV x2  
  88  6:00  Marine  
  88  6:03  Terran Infantry Weapons Level 1, Terran Infantry Armor Level 1  
  85  6:06  Factory Reactor  
  85  6:08  SCV  
  85  6:10  SCV x2  
  88  6:19  Barracks  
  88  6:20  Supply Depot, SCV, Barracks  
  88  6:22  SCV, Starport Reactor, Marine x4  
  88  6:23  SCV, Marine  
  96  6:31  Supply Depot, Refinery  
  96  6:32  SCV  
  94  6:34  SCV  
  94  6:35  Factory  
  95  6:40  Marine x2  
  95  6:43  Marine x2  
  95  6:44  SCV  
  95  6:45  Widow Mine x2  
  95  6:46  SCV  
  98  6:47  Marine  
  98  6:49  SCV  
  100  6:54  Bunker  
  100  6:55  Supply Depot  
  100  6:58  Marine x2  
  100  7:00  Medivac x2  
  100  7:01  Marine  
  107  7:03  SCV x2  
  107  7:05  Marine  
  107  7:07  Barracks Reactor  
  107  7:08  Barracks Reactor  
  110  7:10  Widow Mine x2  
  110  7:12  Marine  
  110  7:15  Combat Shield, Marine  
  115  7:16  Marine  
  115  7:21  Marine  
  118  7:23  Marine  
  118  7:25  Widow Mine  
  118  7:27  Supply Depot  
  118  7:29  Marine  
  121  7:30  Supply Depot, Drilling Claws  
  121  7:32  Supply Depot  
  121  7:33  Marine  
  121  7:35  Marine  
  121  7:36  Medivac  
  121  7:37  Medivac  
  128  7:39  Marine  
  128  7:40  Widow Mine x2  
  133  7:48  Marine x2  
  133  7:49  Command Center  
  124  7:52  SCV x3  
  124  7:53  Marine  
  124  7:54  Marine  
  124  7:55  Marine x2  
  124  7:57  Marine x2  
  133  8:04  SCV x2  
  117  8:06  Medivac  
  117  8:07  Medivac  
  117  8:08  Widow Mine x2  
  117  8:09  Widow Mine, Marine x3  
  117  8:11  Marine  
  122  8:15  SCV  
  122  8:16  SCV x2  
  122  8:19  Marine  
  122  8:20  Marine x4  
  122  8:24  Terran Infantry Weapons Level 2  
  127  8:27  Marine x3  
  127  8:29  Marine  
  127  8:30  Widow Mine  
  133  8:37  Marine  
  132  8:42  Marine  
  132  8:43  Marine x3  
  132  8:44  Widow Mine x2  
  132  8:45  Marine x3  
  132  8:47  Medivac x2  
  145  8:50  Marine  
  145  8:51  Widow Mine  
  145  8:55  Marine  
  148  9:00  Marine  
  143  9:02  Marine  
  143  9:03  Marine  
  143  9:04  Marine x2  
  143  9:05  Marine x2  
  143  9:09  Barracks  
  135  9:10  SCV x2, Marine  
  135  9:11  Widow Mine, Barracks  
  135  9:12  Widow Mine, Barracks  
  135  9:14  Widow Mine  
  144  9:18  SCV  
  144  9:20  Marine x3  
  148  9:25  Marine  
  148  9:33  SCV x3, Marine  
  148  9:34  Widow Mine, Marine  
  148  9:36  Marine  
  140  9:50  Supply Depot  
  140  9:52  Supply Depot x2  
  140  10:01  Marine  
  140  10:02  SCV  
  140  10:03  SCV, Marine  
  140  10:04  Widow Mine  
  140  10:05  Marine x8  
  140  10:06  Marauder, Marine  
  137  10:08  Widow Mine x2  
  137  10:12  SCV  
  136  10:19  Marine  
  136  10:21  SCV x2, Marine  
  125  10:24  SCV  

Tags
 
Add a new tag
Caveats
  • Supply blocks, unpowered buildings, or Contaminate may cause inaccurate times.
  • Supply counts are checked every 10 seconds.